 Dungeon Crawl Stone Soup version 0.28.0-53-g5a82cb258f (webtiles) character file.

Game seed: 10409668975618086958

67 styxcanada the Sneak (level 3, 0/18 HPs)
             Began as a Spriggan Brigand on July 12, 2022.
             Succumbed to an adder's poison
             ... on level 2 of the Dungeon on July 13, 2022.
             The game lasted 00:06:01 (1515 turns).

styxcanada the Sneak (Spriggan Brigand)             Turns: 1515, Time: 00:06:01

Health: 0/18       AC:  3    Str:  6 (7)  XL:     3   Next: 98%
Magic:  5/5        EV: 17    Int:  9 (12) God:
Gold:   36         SH:  0    Dex: 16 (18) Spells: 2/4 levels left

rFire   . . .      SeeInvis +   a - +2 dagger
rCold   . . .      Faith    .   (no shield)
rNeg    . . .      Spirit   .   b - +0 robe
rPois   .          Reflect  .   (helmet restricted)
rElec   .          Harm     .   c - +0 cloak
rCorr   .          Rampage  .   (gloves unavailable)
Will    .....                   (boots unavailable)
Stlth   ++++......              (no amulet)
HPRegen 0.06/turn               (no ring)
MPRegen 0.09/turn               (no ring)

@: lethally poisoned (0 -> -5), flying, very quick
A: very small, no large weapons, unfitting armour, see invisible, speed 3
a: no special abilities


You were on level 2 of the Dungeon.
You visited 1 branch of the dungeon, and saw 2 of its levels.

You collected 36 gold pieces.

Inventory:

Hand Weapons
 a - a +2 dagger (weapon)
Missiles
 e - 2 curare-tipped darts (quivered)
 g - 92 stones
 h - 6 poisoned darts
Armour
 b - a +0 robe (worn)
 c - a +0 cloak (worn)
Scrolls
 d - 2 scrolls of teleportation {unknown}
Potions
 i - a potion of flight
 j - a potion of brilliance {unknown}


   Skills:
 * Level 1.8 Fighting
 + Level 2.2 Short Blades
 + Level 2.3 Throwing
 * Level 1.9 Dodging
 * Level 7.2 Stealth
 * Level 1.2 Spellcasting
 * Level 0.3 Hexes
 * Level 0.3 Ice Magic


You had 2 spell levels left.
You knew the following spells:

 Your Spells              Type           Power      Damage    Failure   Level
a - Ensorcelled Hibernat  Hex/Ice        2%         N/A       43%         2

Your spell library contained the following spells:

 Spells                   Type           Power      Damage    Failure   Level
 Passwall                 Tmut/Erth      0%         N/A       50%         2
 Swiftness                Air            0%         N/A       73%         3


Dungeon Overview and Level Annotations

Branches:
Dungeon (2/15)

Altars:


Innate Abilities, Weirdness & Mutations

You are very small and have problems with some larger weapons.
You are too small for most types of armour.
You have supernaturally acute eyesight. (SInv)
You cover ground extremely quickly. (Speed+++)


Message History

You hit the adder.
The adder is heavily wounded.
The adder barely misses you.
You barely miss the adder.
The adder is heavily wounded.
The adder closely misses you.
You hit the adder.
The adder is severely wounded.
The adder bites you.
You are poisoned.
The adder poisons you! The adder bites you but does no damage.
You miss the adder.
The adder is severely wounded.
You feel sick. The adder barely misses you.
You miss the adder.
The adder is severely wounded.
You feel sick. The adder bites you.
You are lethally poisoned!
The adder poisons you!
You closely miss the adder.
The adder is severely wounded.
You feel sick. The adder bites you.
You hit the adder.
The adder is almost dead.
* * * LOW HITPOINT WARNING * * *
You feel sick. The adder closely misses you.
You hit the adder.
You kill the adder!
* * * LOW HITPOINT WARNING * * *
You feel sick.
There is a lethal amount of poison in your body!
It was a potion of flight.
You feel very buoyant.
You fly up into the air.
* * * LOW HITPOINT WARNING * * *
You feel sick.
It was a potion of degeneration.
There was something very wrong with that liquid.
You feel weakened.
You feel dopey.
You feel clumsy.
You die...

......#...# #.8#.≈≈.#
......#...# #.##.≈≈.#
......#...# #.##.≈≈.#
......#...# #.##.≈≈.#
......#...###..#.≈≈.#
............#.8#.≈≈.#
............#.##.≈≈.#
............#.##.≈≈.##
......#...###.##@≈≈..#
#######.....#.)#†≈≈.#.#
#...#...8#.≈≈.##.#
#...#######≈≈## #.
##### ###


There were no monsters in sight!

Vanquished Creatures
  Terence (D:2)
  An adder (D:2)
  A worm (D:2)
  3 ball pythons
  2 endoplasms
  3 goblins
  4 hobgoblins
  4 quokkas
  2 bats (D:2)
  3 frilled lizards
  A kobold (D:1)
  2 rats (D:2)
27 creatures vanquished.

Notes
Turn   | Place    | Note
-------+----------+-------------------------------------------
     0 | D:1      | styxcanada the Spriggan Brigand began the quest for the
                  | Orb.
     0 | D:1      | Reached XP level 1. HP: 10/10 MP: 2/2
   110 | D:1      | Found a faded altar of an unknown god.
   250 | D:1      | Reached skill level 6 in Stealth
   504 | D:1      | Reached XP level 2. HP: 12/15 MP: 3/3
   963 | D:2      | Noticed Terence
  1009 | D:2      | Killed Terence
  1010 | D:2      | Reached skill level 7 in Stealth
  1010 | D:2      | Reached skill level 1 in Spellcasting
  1010 | D:2      | Reached XP level 3. HP: 13/18 MP: 3/5
  1037 | D:2      | Learned a level 2 spell: Ensorcelled Hibernation
  1515 | D:2      | Succumbed to an adder's poison

Illustrated notes

Levels and vault maps discovered:
D:1:      giann_horns, layout_basic, basic_ecumenical_altar
D:2:      wad_river_or_something, layout_basic, basic_altar, uniq_terence,
          uniq_robin

Skill      XL: |  1  2 |
---------------+-------+-----
Stealth        | 6 7 |  7.2
Spellcasting   | 1 |  1.2
Fighting       | |  1.8
Short Blades   | |  2.2
Throwing       | |  2.3
Dodging        | |  1.9
Hexes          | |  0.3
Ice Magic      | |  0.3

Action                   || total
-------------------------++-------
Melee: Dagger            ||    89
Throw: Dart              ||    22
       Stone             ||     1
  Use: Potion            ||     2
 Stab: Sleeping          ||     3
Armor: Robe              ||    10
Dodge: Dodged            ||    71
